 Dungeon Crawl Stone Soup version 0.30-a0-949-g53dc5368d7 (webtiles) character file.

Game seed: 18414995932303119131

390 GigaChad the Chopper (level 7, 0/55 HPs)
             Began as a Formicid Fighter on Mar 23, 2023.
             Slain by a gnoll
             ... wielding a +0 flail
             ... led by a gnoll bouda
              (11 damage)
             ... on level 4 of the Dungeon on Mar 27, 2023.
             The game lasted 00:04:43 (2515 turns).

GigaChad the Chopper (Formicid Fighter)             Turns: 2515, Time: 00:04:44

Health: 0/55       AC:  9    Str: 22    XL:     7   Next: 7%
Magic:  7/7        EV: 13    Int:  8    God:
Gold:   196        SH:  5    Dex: 13    Spells: 6/6 levels left

rFire   . . .      SeeInvis +    a - +0 war axe
rCold   . . .      Faith    .    c - +0 buckler
rNeg    . . .      Spirit   .    m - +0 chain mail
rPois   .          Reflect  .    (helmet unavailable)
rElec   .          Rampage  .    (no cloak)
rCorr   .                        (no gloves)
Will    .....                    (no boots) Stlth
                                 (no amulet)
HPRegen 0.29/turn                e - +5 ring of evasion
MPRegen 0.10/turn                (no ring)

@: no status effects
A: permanent stasis, dig shafts and tunnels, antennae 3, four strong arms
a: Dig, Shaft Self


You were on level 4 of the Dungeon.
You visited 1 branch of the dungeon, and saw 4 of its levels.

You collected 196 gold pieces.

Inventory:

Hand Weapons
 a - a +0 war axe (weapon)
Armour
 b - a +0 scale mail
 c - a +0 buckler (worn)
 m - a +0 chain mail (worn)
Jewellery
 e - a +5 ring of evasion (left hand)
 p - a ring of willpower
Wands
 j - a wand of flame (13)
 u - a wand of acid (6)
Scrolls
 f - a scroll of blinking
 h - 5 scrolls of teleportation
 k - a scroll of vulnerability {unknown}
 n - a scroll of magic mapping {unknown}
 o - 2 scrolls of identify
 t - a scroll of enchant armour {unknown}
 v - a scroll of enchant weapon {unknown}
Potions
 d - 2 potions of might
 g - a potion of flight {unknown}
 i - a potion of invisibility {unknown}
 l - a potion of heal wounds {unknown}
 q - 2 potions of lignification {unknown}
 r - 3 potions of brilliance {unknown}
 s - 2 potions of attraction {unknown}
 w - a potion of mutation {unknown}
 x - a potion of cancellation {unknown}


   Skills:
 + Level 4.3 Fighting
 + Level 5.2 Axes
 + Level 4.3 Armour
 + Level 1.3 Dodging
 + Level 0.2 Stealth
 + Level 4.8 Shields


You had 6 spell levels left.
You didn't know any spells.
Your spell library was empty.

Dungeon Overview and Level Annotations

Branches:
Dungeon (4/15)
 Temple: D:4-7

Altars:

Shops:
D:2 =


Innate Abilities, Weirdness & Mutations

You cannot be hasted, slowed, berserked, paralysed or teleported.
You can dig through walls and to a lower floor.
You have a pair of large antennae on your head. (SInv)
Your four strong arms can wield two-handed weapons with a shield.


Message History

The gnoll bouda gazes fiercely through you!
You feel your attacks grow feeble.
You barely miss the gnoll. You closely miss the gnoll.
The gnoll hits you but does no damage. The gnoll barely misses you.
The ball python barely misses you. The ball python closely misses you.
Unknown command.
You slash the gnoll!
The gnoll is almost dead.
You hit the gnoll. You hit the ball python. You hit the gnoll.
The gnoll hits you with a +0 flail! The gnoll hits you but does no damage.
The ball python bites you but does no damage.
The ball python misses you. The gnoll hits you with a +0 flail.
The gnoll hits you from afar with a +0 spear.
The gnoll completely misses you. The gnoll hits you with a +0 flail!
You are too injured to fight recklessly!
Unknown command.
You are too injured to fight recklessly!
Unknown command.
You are too injured to fight recklessly!
Unknown command.
You are too injured to fight recklessly!
Unknown command.
You slash the gnoll bouda!
The gnoll bouda is moderately wounded.
You hit the ball python.
You kill the ball python!
You hit the gnoll. You barely miss the gnoll. x2
The gnoll hits you but does no damage.
The gnoll bouda calls upon its god to heal the gnoll.
The gnoll is healed somewhat.
The gnoll closely misses you.
The gnoll hits you from afar with a +0 spear.
The gnoll closely misses you. You block the gnoll's attack.
The gnoll hits you with a +0 flail.
* * * LOW HITPOINT WARNING * * *
You hit the gnoll bouda.
The gnoll bouda is moderately wounded.
You hit the gnoll. You barely miss the gnoll. You closely miss the gnoll.
Your attacks no longer feel as feeble.
The gnoll bouda completely misses you. The gnoll hits you with a +0 flail!
You die...

...... ...... ......
.....###########
.........(....#
#.###g.g........#
#.....ggg.......#
#g@........#
#..........#
#..........#
#..........#
.............######
.......#####.......#
.......# #.#####.#
.......#####.#
..........>..#


You could see a gnoll bouda and 5 gnolls.

Vanquished Creatures
  Sigmund (D:3)
  A sleepcap (D:4)
  Jessica (D:3)
  2 orc wizards
  Ijyb (D:3)
  4 adders (D:3)
  A gnoll (D:1)
  7 orcs (D:3)
  3 endoplasms
  3 giant cockroaches (D:2)
  6 goblins
  6 hobgoblins
  4 jackals (D:3)
  3 kobolds
  3 quokkas
  4 ball pythons
  2 bats
  4 rats
56 creatures vanquished.

Vanquished Creatures (others)
  A worm (D:3)
1 creature vanquished.

Grand Total: 57 creatures vanquished

Notes
Turn   | Place    | Note
-------+----------+-------------------------------------------
     0 | D:1      | GigaChad the Formicid Fighter began the quest for the Orb.
     0 | D:1      | Reached XP level 1. HP: 18/18 MP: 1/1
   232 | D:1      | Reached XP level 2. HP: 13/24 MP: 2/2
   695 | D:1      | Reached XP level 3. HP: 29/29 MP: 3/3
  1041 | D:2      | Found a faded altar of an unknown god.
  1118 | D:2      | Found Anlara's Jewellery Emporium.
  1538 | D:3      | Upgraded the game from 0.30-a0-930-gb9d0489357 to
                  | 0.30-a0-949-g53dc5368d7
  1550 | D:3      | Noticed Sigmund
  1565 | D:3      | Reached XP level 4. HP: 24/37 MP: 4/4
  1572 | D:3      | Reached skill level 3 in Axes
  1572 | D:3      | Reached skill level 1 in Dodging
  1576 | D:3      | Killed Sigmund
  1577 | D:3      | Reached skill level 4 in Axes
  1577 | D:3      | Reached XP level 5. HP: 14/42 MP: 5/5
  1577 | D:3      | Reached XP level 6. HP: 16/48 MP: 6/6
  1930 | D:3      | Noticed Jessica
  1934 | D:3      | Killed Jessica
  2006 | D:3      | Noticed Ijyb
  2019 | D:3      | Killed Ijyb
  2449 | D:4      | Reached skill level 5 in Axes
  2457 | D:4      | Reached XP level 7. HP: 37/55 MP: 7/7
  2515 | D:4      | Slain by a gnoll

Illustrated notes

Levels and vault maps discovered:
D:1:      dpeg_arrival_boxes_within_box, layout_loops_ring
D:2:      layout_rooms, chequers_ecumenical_altar_simple_redux, serial_shops,
          nicolae_square_shop
D:3:      layout_rooms, saegor_snake_ambush, uniq_sigmund, uniq_jessica,
          uniq_ijyb
D:4:      layout_basic, mainiacjoe_overflow_paths, zin_statuary,
          chequers_serial_rivers_room_a, kennysheep_small_circle

Skill      XL: |  1  2  3  4  5  6 |
---------------+-------------------+-----
Axes           | 4 5 |  5.2
Dodging        | 1 |  1.3
Fighting       | 4 |  4.3
Armour         | 4 |  4.3
Stealth        | |  0.2
Shields        | |  4.8

Action                     |  1- 3 |  4- 6 |  7- 9 || total
---------------------------+-------+-------+-------++-------
  Melee: War axe           |    64 |    75 |    11 ||   150
Ability: Dig               |     1 |       |       ||     1
    Use: Scroll            |     5 |       |       ||     5
 Armour: Scale mail        |     7 |       |       ||     7
         Chain mail        |    35 |    34 |     7 ||    76
  Dodge: Dodged            |    51 |    70 |    11 ||   132
  Block: Buckler           |    13 |    23 |     2 ||    38

Table legend: (Time is in decaauts)
 A = Elapsed time spent in this place.
 B = Non-inter-level travel time spent in this place.
 C = Inter-level travel time spent in this place.
 D = Time resting spent in this place.
 E = Time spent auto-exploring this place.
 F = Levels seen in this place.
 G = Mean time per level.
                   A        B        C        D        E       F      G
               +--------+--------+--------+--------+--------+-----+--------+
         Total |   2586 |   2434 |    152 |    451 |   1490 |   4 |  646.5 |
       Dungeon |   2586 |   2434 |    152 |    451 |   1490 |   4 |  646.5 |
               +--------+--------+--------+--------+--------+-----+--------+

Top non-repeatable levels by time:
     D:1: 1024 daAuts
     D:3: 1021 daAuts
     D:2: 461 daAuts
     D:4: 77 daAuts
